 Dungeon Crawl Stone Soup version 0.31-a0-435-g2c6fae2916 (webtiles) character file.

Game seed: 6234778247754450451

53 Ethylacetat the Insei (level 3, -1/20 HPs)
             Began as a Vine Stalker Monk on Aug 1, 2023.
             Slain by Robin
             ... wielding a +0 mace
              (5 damage)
             ... on level 2 of the Dungeon.
             The game lasted 00:02:37 (966 turns).

Ethylacetat the Insei (Vine Stalker Monk)            Turns: 966, Time: 00:02:37

Health: -1/20      AC:  2    Str: 13    XL:     3   Next: 87%
Magic:  0/4        EV: 13    Int: 10    God:
Gold:   67         SH:  0    Dex: 18    Spells: 2/2 levels left

rFire   . .          .
                       - Unarmed
rCold   . . .        c - orb {light}
rNeg    . . .        a - +0 robe
rPois   .            (helmet restricted)
rElec   .            (no cloak)
rCorr   .            (no gloves)
SInv    .            (no boots)
Will    +....        (no amulet)
Stlth   +            (no ring)
HPRegen 0.23/turn    (no ring)
MPRegen 0.09/turn

%: guardian spirit
@: enlightened, flying, glowing
A: fangs 2, magic shield, antimagic bite, no potion heal 2, antennae 1,
screaming 1
a: no special abilities


You were on level 2 of the Dungeon.
You visited 1 branch of the dungeon, and saw 2 of its levels.

You collected 67 gold pieces.

Inventory:

Armour
 a - a +0 robe (worn)
 c - an orb of light (worn)
Scrolls
 d - 2 scrolls of identify {unknown}
 f - a scroll of noise {unknown}
 g - a scroll of enchant armour {unknown}
Potions
 b - a potion of ambrosia


   Skills:
 + Level 3.3 Fighting
 + Level 3.0 Dodging
 + Level 3.6 Unarmed Combat


You had 2 spell levels left.
You didn't know any spells.
Your spell library was empty.

Dungeon Overview and Level Annotations

Branches:
Dungeon (2/15)

Altars:

Annotations:
D:2 Robin


Innate Abilities, Weirdness & Mutations

You have extremely sharp teeth.
When hurt, damage is shared between your health and your magic reserves.
Your bite disrupts and absorbs the magic of your enemies.
Potions cannot restore your health.
You have a pair of small antennae on your head.
You occasionally shout uncontrollably at your foes.


Message History

The bat hits you but does no damage. The goblin hits you but does no damage.
Robin roars a battlecry!
You completely miss the goblin. You bite the goblin. You drain its power.
You feel invigorated.
The goblin is moderately wounded.
The bat barely misses you. x2; Robin throws the goblin at you!
The goblin attacks as you move away! The goblin barely misses you.
The bat attacks as you move away! The bat closely misses you. x2
You see here a +0 ring mail.
It was a potion of mutation.
You feel extremely strange.
You feel the urge to shout. A pair of antennae grows on your head!
The bat hits you but does no damage.
It was a potion of enlightenment.
You feel very buoyant.
You fly up into the air.
The goblin hits you with a +0 club.
* * * LOW HITPOINT WARNING * * *
You hit the goblin.
The goblin is heavily wounded.
The goblin barely misses you.
You hit the goblin.
You kill the goblin!
The bat hits you.
* * * LOW HITPOINT WARNING * * *
You hit the hobgoblin.
The hobgoblin is heavily wounded.
The hobgoblin barely misses you.
You hit the hobgoblin.
You kill the hobgoblin!
The bat hits you but does no damage.
Your Dodging skill increases to level 3!
You hit the bat. Your bite misses the bat.
The bat is moderately wounded.
The bat hits you but does no damage.
You hit Robin but do no damage. You hit Robin but do no damage.
Robin roars a battlecry!
You hit Robin.
Robin is moderately wounded.
Robin hits you with a +0 mace.
You die...

##.## #g#.### ##...##
#.g$g.###
##..#..#####.#g..##
##..###..## #g###gg##
##..##.##..###.#.....#
##..##...##.)##..gg.b.#
##..##..#..##).###.#...#
##..##..###..##).##b#.#.#
##...#...#@#..g#...#.#.#.#
#..#...#..#gb#...#.b.#.#.#
#.###..##.)g##..###..#.#.#
#..###.(##.##..## #..#.#
##.# ##..###..## ##.#.#
#.# ##..#..## #.# #.#
##...## #.# #.# ##.## #.#
#.# ### #.#


You could see Robin, a goblin (strong) and a bat.

Vanquished Creatures
  An adder (D:2)
  A worm (D:2)
  5 dart slugs
  4 goblins (D:2)
  4 hobgoblins
  4 kobolds
  A quokka (D:2)
  4 ball pythons (D:1)
  4 bats (D:1)
  2 rats (D:1)
30 creatures vanquished.

Notes
Turn   | Place    | Note
-------+----------+-------------------------------------------
     0 | D:1      | Ethylacetat the Vine Stalker Monk began the quest for the
                  | Orb.
     0 | D:1      | Reached XP level 1. HP: 11/11 MP: 2/2
   119 | D:1      | Reached XP level 2. HP: 16/16 MP: 3/3
   754 | D:2      | Reached XP level 3. HP: 14/20 MP: 4/4
   924 | D:2      | Noticed Robin
   957 | D:2      | Gained mutation: You occasionally shout uncontrollably at
                  | your foes. [potion of mutation]
   957 | D:2      | Gained mutation: You have a pair of small antennae on your
                  | head. [potion of mutation]
   966 | D:2      | Slain by Robin

Illustrated notes

Levels and vault maps discovered:
D:1:      dpeg_chamrin_arrival_tetris, layout_loops_ring
D:2:      minmay_alternating_diamond, layout_basic, uniq_robin

Skill      XL: |  1  2  3 |
---------------+----------+-----
Fighting       | 3 |  3.3
Dodging        | 3 |  3.0
Unarmed Combat | |  3.6

Action                     || total
---------------------------++-------
  Melee: Unarmed           ||    83
         Bite              ||    25
    Use: Potion            ||     2
 Armour: Robe              ||    21
  Dodge: Dodged            ||    72

Table legend: (Time is in decaauts)
 A = Elapsed time spent in this place.
 B = Non-inter-level travel time spent in this place.
 C = Inter-level travel time spent in this place.
 D = Time resting spent in this place.
 E = Time spent auto-exploring this place.
 F = Levels seen in this place.
 G = Mean time per level.
                   A        B        C        D        E       F      G
               +--------+--------+--------+--------+--------+-----+--------+
         Total |    960 |    936 |     24 |     32 |    716 |   2 |  480.0 |
       Dungeon |    960 |    936 |     24 |     32 |    716 |   2 |  480.0 |
               +--------+--------+--------+--------+--------+-----+--------+

Top non-repeatable levels by time:
     D:1: 734 daAuts
     D:2: 226 daAuts
